| TOP OF THE 1ST |
|
Round Rock Express batting - Pitching for Buffalo Bisons : RHP Hector Bojorquez
|
|
Pitching: RHP Hector Bojorquez
|
|
|
Batting: RHB Jason Sher
|
0-0: SINGLE (Groundball, 56D, EV 98.1 MPH)
|
|
Batting: SHB Alvare Bairro
|
0-0: Called Strike Jason Sher steals 2nd base 0-1: Swinging Strike 0-2: Foul Ball, location: 2F 0-2: Ball 1-2: Ball 2-2: Ball 3-2: Ground out 1-3 (Groundball, 13S, EV 66.2 MPH) Jason Sher to third
|
|
Batting: LHB Cody Schumacher
|
0-0: Ground out U3 (Groundball, 3, EV 103.8 MPH)
|
|
Batting: RHB Tom Beckman
|
0-0: Ball 1-0: Called Strike 1-1: Foul Ball, location: 2F 1-2: Ball 2-2: SINGLE (Line Drive, 7S, EV 100.6 MPH) Jason Sher scores
|
|
Batting: RHB Jason Keller
|
0-0: Ground out 5-3 (Groundball, 56S, EV 77.5 MPH)
|
| Top of the 1st over - 1 run, 2 hits, 0 errors, 1 left on base; Round Rock 1 - Buffalo 0 |
| BOTTOM OF THE 1ST |
|
Buffalo Bisons batting - Pitching for Round Rock Express : RHP Corey Larimer
|
|
Pitching: RHP Corey Larimer
|
|
|
Batting: RHB Finn Ross
|
0-0: Ball 1-0: Called Strike 1-1: Foul Ball, location: 2F 1-2: Strikes out swinging
|
|
Batting: LHB Da Vo
|
0-0: Ball 1-0: DOUBLE (Line Drive, 89D, EV 111.9 MPH)
|
|
Batting: RHB Francisco Hernandez
|
0-0: Ball 1-0: Swinging Strike 1-1: Ground out 5-3 (Groundball, 56, EV 88.1 MPH)
|
|
Batting: RHB Jordan Fairburn
|
0-0: Ball 1-0: SINGLE (Groundball, 25, EV 74.4 MPH) (infield hit) Da Vo to third
|
|
Batting: RHB Danny Heyer
|
0-0: Fielders Choice at 2nd, 6-4 (Groundball, 6, EV 85.6 MPH)
|
| Bottom of the 1st over - 0 runs, 2 hits, 0 errors, 2 left on base; Round Rock 1 - Buffalo 0 |
| TOP OF THE 2ND |
|
Round Rock Express batting - Pitching for Buffalo Bisons : RHP Hector Bojorquez
|
|
Batting: RHB Rodolfo Contreras
|
0-0: Fly out, F8 (Line Drive, 8RM, EV 90.6 MPH)
|
|
Batting: RHB Bobby Keithley
|
0-0: Foul Ball, location: 2F 0-1: Swinging Strike 0-2: Strikes out swinging
|
|
Batting: RHB Dale Aubrey
|
0-0: Called Strike 0-1: Foul Ball, location: 2F 0-2: Ball 1-2: Ground out 5-3 (Groundball, 56S, EV 86.2 MPH)
|
| Top of the 2nd over - 0 runs, 0 hits, 0 errors, 0 left on base; Round Rock 1 - Buffalo 0 |
| BOTTOM OF THE 2ND |
|
Buffalo Bisons batting - Pitching for Round Rock Express : RHP Corey Larimer
|
|
Batting: RHB Jorge Baret
|
0-0: Ball 1-0: Ball 2-0: Foul Ball, location: 2F 2-1: Ground out 1-3 (Groundball, 13S, EV 68.1 MPH)
|
|
Batting: RHB Cyril Husson
|
0-0: Ball 1-0: Ball 2-0: Ball 3-0: Called Strike 3-1: Called Strike 3-2: Strikes out swinging
|
|
Batting: RHB Justin Ganey
|
0-0: Called Strike 0-1: Ball 1-1: Ball 2-1: Swinging Strike 2-2: Strikes out looking
|
| Bottom of the 2nd over - 0 runs, 0 hits, 0 errors, 0 left on base; Round Rock 1 - Buffalo 0 |
| TOP OF THE 3RD |
|
Round Rock Express batting - Pitching for Buffalo Bisons : RHP Hector Bojorquez
|
|
Batting: RHB Carlos Lopez
|
0-0: Foul Ball, location: 2F 0-1: Foul Ball, location: 2F 0-2: DOUBLE (Flyball, 78XD, EV 102.5 MPH)
|
|
Batting: RHB Jason Sher
|
0-0: Ball 1-0: Foul Ball, location: 2F 1-1: Bunt missed! 1-2: Fly out, F9 (Flyball, 9S, EV 86.2 MPH)
|
|
Batting: SHB Alvare Bairro
|
0-0: Called Strike 0-1: Ball 1-1: Called Strike 1-2: Fly out, F7 (Line Drive, 7, EV 86.9 MPH)
|
|
Batting: LHB Cody Schumacher
|
0-0: Ball 1-0: Ball 2-0: Called Strike 2-1: Foul Ball, location: 2F 2-2: Strikes out looking
|
| Top of the 3rd over - 0 runs, 1 hit, 0 errors, 1 left on base; Round Rock 1 - Buffalo 0 |
| BOTTOM OF THE 3RD |
|
Buffalo Bisons batting - Pitching for Round Rock Express : RHP Corey Larimer
|
|
Batting: RHB Darren McCarty Jr.
|
0-0: Foul Ball, location: 2F 0-1: Foul Ball, location: 2F 0-2: Ball 1-2: Strikes out swinging
|
|
Batting: RHB Finn Ross
|
0-0: Foul Ball, location: 2F 0-1: Ball 1-1: Bunt missed! 1-2: Ball 2-2: Foul Ball, location: 2F 2-2: Fly out, F2 (Popup, 15S, EV 45.0 MPH)
|
|
Batting: LHB Da Vo
|
0-0: Ball 1-0: Ball 2-0: Ground out U3 (Groundball, 3, EV 96.9 MPH)
|
| Bottom of the 3rd over - 0 runs, 0 hits, 0 errors, 0 left on base; Round Rock 1 - Buffalo 0 |
| TOP OF THE 4TH |
|
Round Rock Express batting - Pitching for Buffalo Bisons : RHP Hector Bojorquez
|
|
Batting: RHB Tom Beckman
|
0-0: Ball 1-0: Ball 2-0: Ball 3-0: Called Strike 3-1: Fly out, F8 (Flyball, 8RD, EV 95.0 MPH)
|
|
Batting: RHB Jason Keller
|
0-0: SOLO HOME RUN (Line Drive, 7LD, EV 95.0 MPH), Distance : 355 ft
|
|
Batting: RHB Rodolfo Contreras
|
0-0: Ball 1-0: Swinging Strike 1-1: Foul Ball, location: 2F 1-2: Foul Ball, location: 2F 1-2: Ground out 3-1 (Groundball, 34S, EV 86.9 MPH)
|
|
Batting: RHB Bobby Keithley
|
0-0: Ball 1-0: Called Strike 1-1: Ground out 4-3 (Groundball, 4M, EV 81.2 MPH)
|
| Top of the 4th over - 1 run, 1 hit, 0 errors, 0 left on base; Round Rock 2 - Buffalo 0 |
| BOTTOM OF THE 4TH |
|
Buffalo Bisons batting - Pitching for Round Rock Express : RHP Corey Larimer
|
|
Batting: RHB Francisco Hernandez
|
0-0: Ball 1-0: Ground out U3 (Groundball, 34, EV 88.1 MPH)
|
|
Batting: RHB Jordan Fairburn
|
0-0: Foul Ball, location: 2F 0-1: Ball 1-1: Foul Ball, location: 2F 1-2: Foul Ball, location: 2F 1-2: SINGLE (Groundball, 34S, EV 66.9 MPH) (infield hit)
|
|
Batting: RHB Danny Heyer
|
0-0: Foul Ball, location: 2F 0-1: Called Strike 0-2: Foul Ball, location: 2F 0-2: Ball 1-2: Foul Ball, location: 2F 1-2: Fly out, F7 (Flyball, 78M, EV 81.2 MPH)
|
|
Batting: RHB Jorge Baret
|
Pickoff Play to 1st, Runner tries for 2nd, OUT after rundown.
|
| Bottom of the 4th over - 0 runs, 1 hit, 0 errors, 0 left on base; Round Rock 2 - Buffalo 0 |
| TOP OF THE 5TH |
|
Round Rock Express batting - Pitching for Buffalo Bisons : RHP Hector Bojorquez
|
|
Batting: RHB Dale Aubrey
|
0-0: Ball 1-0: Swinging Strike 1-1: Foul Ball, location: 2F 1-2: Strikes out swinging
|
|
Batting: RHB Carlos Lopez
|
0-0: Ball 1-0: Swinging Strike 1-1: Foul Ball, location: 2F 1-2: Strikes out swinging
|
|
Batting: RHB Jason Sher
|
0-0: Fly out, F8 (Flyball, 8LD, EV 96.2 MPH)
|
| Top of the 5th over - 0 runs, 0 hits, 0 errors, 0 left on base; Round Rock 2 - Buffalo 0 |
| BOTTOM OF THE 5TH |
|
Buffalo Bisons batting - Pitching for Round Rock Express : RHP Corey Larimer
|
|
Batting: RHB Jorge Baret
|
0-0: Called Strike 0-1: Ground out 4-3 (Groundball, 4, EV 81.9 MPH)
|
|
Batting: RHB Cyril Husson
|
0-0: Ball 1-0: Foul Ball, location: 2F 1-1: SINGLE (Groundball, 56D, EV 105.6 MPH) (infield hit)
|
|
Batting: RHB Justin Ganey
|
0-0: Ball Cyril Husson steals 2nd base (no throw) 1-0: Ball 2-0: Foul Ball, location: 2F 2-1: Fly out, F7 (Line Drive, 7S, EV 99.4 MPH)
|
|
Batting: RHB Darren McCarty Jr.
|
0-0: Foul Ball, location: 2F 0-1: Ball 1-1: Ground out 1-3 (Groundball, 25, EV 68.8 MPH)
|
| Bottom of the 5th over - 0 runs, 1 hit, 0 errors, 1 left on base; Round Rock 2 - Buffalo 0 |
| TOP OF THE 6TH |
|
Round Rock Express batting - Pitching for Buffalo Bisons : RHP Hector Bojorquez
|
|
Batting: SHB Alvare Bairro
|
0-0: Called Strike 0-1: SINGLE (Line Drive, 9LS, EV 105.0 MPH)
|
|
Batting: LHB Cody Schumacher
|
0-0: Called Strike 0-1: Called Strike 0-2: Foul Ball, location: 2F 0-2: Ball 1-2: Foul Ball, location: 2F 1-2: Foul Ball, location: 2F 1-2: Ball 2-2: Ball 3-2: Ground out U3 (Groundball, 3, EV 86.2 MPH) Alvare Bairro to second
|
|
Batting: RHB Tom Beckman
|
0-0: Ground out 3-1 (Groundball, 34, EV 105.6 MPH) Alvare Bairro to third
|
|
Batting: RHB Jason Keller
|
0-0: Ball 1-0: Ground out 5-3 (Groundball, 25, EV 90.0 MPH)
|
| Top of the 6th over - 0 runs, 1 hit, 0 errors, 1 left on base; Round Rock 2 - Buffalo 0 |
| BOTTOM OF THE 6TH |
|
Buffalo Bisons batting - Pitching for Round Rock Express : RHP Corey Larimer
|
|
Batting: RHB Finn Ross
|
0-0: Ball 1-0: Ground out U3 (Groundball, 34S, EV 84.4 MPH)
|
|
Batting: LHB Da Vo
|
0-0: Ball 1-0: Ground out 4-3 (Groundball, 4M, EV 101.9 MPH)
|
|
Batting: RHB Francisco Hernandez
|
0-0: Ball 1-0: DOUBLE (Groundball, 5L, EV 97.5 MPH)
|
|
Batting: RHB Jordan Fairburn
|
0-0: Ball 1-0: Foul Ball, location: 2F 1-1: Ground out 6-3 (Groundball, 6, EV 82.5 MPH)
|
| Bottom of the 6th over - 0 runs, 1 hit, 0 errors, 1 left on base; Round Rock 2 - Buffalo 0 |
| TOP OF THE 7TH |
|
Round Rock Express batting - Pitching for Buffalo Bisons : RHP Hector Bojorquez
|
|
Batting: RHB Rodolfo Contreras
|
0-0: Swinging Strike 0-1: Ball 1-1: Foul Ball, location: 2F 1-2: DOUBLE (Line Drive, 9LM, EV 105.6 MPH)
|
|
Batting: RHB Bobby Keithley
|
0-0: Foul Ball, location: 2F 0-1: Swinging Strike 0-2: Ball 1-2: Ground out 5-3 (Groundball, 5, EV 96.2 MPH)
|
|
Batting: RHB Dale Aubrey
|
0-0: Fly out, F6 (Line Drive, 6M, EV 66.2 MPH)
|
|
Batting: RHB Carlos Lopez
|
0-0: Ground out 6-3 (Groundball, 6, EV 93.8 MPH)
|
| Top of the 7th over - 0 runs, 1 hit, 0 errors, 1 left on base; Round Rock 2 - Buffalo 0 |
| BOTTOM OF THE 7TH |
|
Buffalo Bisons batting - Pitching for Round Rock Express : RHP Corey Larimer
|
|
Batting: RHB Danny Heyer
|
0-0: Swinging Strike 0-1: Fly out, F8 (Flyball, 8RM, EV 91.9 MPH)
|
|
Batting: RHB Jorge Baret
|
0-0: Ground out U3 (Groundball, 3, EV 89.4 MPH)
|
|
Batting: RHB Cyril Husson
|
0-0: Ball 1-0: Foul Ball, location: 2F 1-1: Foul Ball, location: 2F 1-2: Strikes out looking
|
| Bottom of the 7th over - 0 runs, 0 hits, 0 errors, 0 left on base; Round Rock 2 - Buffalo 0 |
| TOP OF THE 8TH |
|
Round Rock Express batting - Pitching for Buffalo Bisons : RHP Hector Bojorquez
|
|
Batting: RHB Jason Sher
|
0-0: Ball 1-0: Fly out, F7 (Flyball, 78M, EV 89.4 MPH)
|
|
Batting: SHB Alvare Bairro
|
0-0: Foul Ball, location: 2F 0-1: Ball 1-1: Ball 2-1: Foul Ball, location: 2F 2-2: Ground out 5-3 (Groundball, 56, EV 103.1 MPH)
|
|
Batting: LHB Cody Schumacher
|
0-0: Called Strike 0-1: Ball 1-1: Ball 2-1: Ball 3-1: Base on Balls
|
|
Batting: RHB Tom Beckman
|
0-0: Swinging Strike 0-1: Swinging Strike 0-2: Ball 1-2: Ball Cody Schumacher steals 2nd base 2-2: Ball 3-2: Foul Ball, location: 2F 3-2: DOUBLE (Groundball, 5L, EV 94.4 MPH) Cody Schumacher scores
|
|
Batting: RHB Jason Keller
|
0-0: Ground out 6-3 (Groundball, 56, EV 80.6 MPH)
|
| Top of the 8th over - 1 run, 1 hit, 0 errors, 1 left on base; Round Rock 3 - Buffalo 0 |
| BOTTOM OF THE 8TH |
|
Buffalo Bisons batting - Pitching for Round Rock Express : RHP Corey Larimer
|
|
Batting: RHB Justin Ganey
|
0-0: Ball 1-0: Foul Ball, location: 2F 1-1: Called Strike 1-2: Foul Ball, location: 2F 1-2: SINGLE (Groundball, 6MD, EV 98.1 MPH)
|
|
Batting: RHB Darren McCarty Jr.
|
0-0: Ball 1-0: SINGLE (Groundball, 5S, EV 73.8 MPH) (infield hit) Justin Ganey to second
|
|
Batting: RHB Finn Ross
|
0-0: Called Strike 0-1: Ball 1-1: Grounds into double play, 6-4-3 (Groundball, 6S, EV 81.9 MPH) Justin Ganey to third
|
|
Batting: LHB Da Vo
|
0-0: Swinging Strike 0-1: Ball 1-1: Ball Wild Pitch! Justin Ganey scores 2-1: Foul Ball, location: 2F 2-2: SINGLE (Groundball, P, EV 85.0 MPH) (infield hit)
|
|
Batting: RHB Francisco Hernandez
|
0-0: Ball 1-0: Ball 2-0: SINGLE (Groundball, 5S, EV 75.6 MPH) (infield hit) Da Vo to second
|
|
Batting: RHB Jordan Fairburn
|
0-0: Swinging Strike 0-1: Ball 1-1: Swinging Strike 1-2: Ball 2-2: Foul Ball, location: 2F 2-2: Foul Ball, location: 2F 2-2: Strikes out swinging
|
| Bottom of the 8th over - 1 run, 4 hits, 0 errors, 2 left on base; Round Rock 3 - Buffalo 1 |
| TOP OF THE 9TH |
|
Round Rock Express batting - Pitching for Buffalo Bisons : RHP Hector Bojorquez
|
|
Pinch Hitting: LHB Manuel Arguello
|
0-0: Called Strike 0-1: Called Strike 0-2: Ball 1-2: Ball 2-2: SINGLE (Line Drive, 6MD, EV 98.8 MPH)
|
|
Pitching: RHP Germano Nunes
|
|
|
Batting: RHB Bobby Keithley
|
0-0: Bunt missed! 0-1: Called Strike Manuel Arguello steals 2nd base (no throw) 0-2: Ground out 6-3 (Groundball, 6S, EV 75.0 MPH) Manuel Arguello to third
|
|
Batting: RHB Dale Aubrey
|
0-0: Called Strike 0-1: Ball 1-1: 2-RUN HOME RUN (Flyball, 9D, EV 97.5 MPH), Distance : 366 ft
|
|
Batting: RHB Carlos Lopez
|
0-0: Called Strike 0-1: Foul Ball, location: 2F 0-2: Strikes out looking
|
|
Batting: RHB Jason Sher
|
0-0: Called Strike 0-1: Ground out 3-1 (Groundball, 34S, EV 91.2 MPH)
|
| Top of the 9th over - 2 runs, 2 hits, 0 errors, 0 left on base; Round Rock 5 - Buffalo 1 |
| BOTTOM OF THE 9TH |
|
Buffalo Bisons batting - Pitching for Round Rock Express : RHP Corey Larimer
|
|
Pitching: RHP Jeff Bliss
|
|
|
Now in RF: Manuel Arguello
|
|
|
Batting: RHB Danny Heyer
|
0-0: Ball 1-0: Foul Ball, location: 2F 1-1: Fly out, F5 (Popup, 5SF, EV 82.5 MPH)
|
|
Batting: RHB Jorge Baret
|
0-0: Called Strike 0-1: Swinging Strike 0-2: Ball 1-2: Ball 2-2: Strikes out swinging
|
|
Batting: RHB Cyril Husson
|
0-0: Foul Ball, location: 2F 0-1: Swinging Strike 0-2: Ball 1-2: Ground out 5-3 (Groundball, 56, EV 92.5 MPH)
|
| Bottom of the 9th over - 0 runs, 0 hits, 0 errors, 0 left on base; Round Rock 5 - Buffalo 1 |
|